 Dungeon Crawl Stone Soup version 0.20-a0-435-gf4ea4dd (webtiles) character file.

820 Faca the Shield-Bearer (level 8, 0/64 HPs)
             Began as a Formicid Fighter on Jan 6, 2017.
             Was a Believer of Okawaru.
             Succumbed to a scorpion's poison
             ... on level 6 of the Dungeon.
             The game lasted 00:10:26 (3502 turns).

Faca the Shield-Bearer (Formicid Fighter)           Turns: 3502, Time: 00:10:27

Health: 0/64       AC:  9    Str: 22    XL:     8   Next: 16%
Magic:  8/8        EV:  7    Int:  8    God:    Okawaru [**....]
Gold:   39         SH: 13    Dex: 13    Spells: 7/7 levels left

rFire  . . .     SeeInvis +     r - +3 dire flail (curse)
rCold  . . .     Gourm    .     h - +0 chain mail
rNeg   . . .     Faith    .     c - +0 shield
rPois  .         Spirit   .     (helmet unavailable)
rElec  .         Reflect  +     g - +0 cloak
rCorr  .         Harm     .     q - +1 pair of gloves
MR     .....                    (no boots)
Stlth  ..........               e - +2 amulet of reflection
                                (no ring)
                                j - ring of teleportation (curse)

@: lethally poisoned (0 -> -1)
A: permanent stasis, dig shafts and tunnels, four strong arms, antennae 3, agile
1, deformed body, regeneration 1
a: Dig, Shaft Self, Heroism, Renounce Religion


You were on level 6 of the Dungeon.
You worshipped Okawaru.
Okawaru was pleased with you.
You were not hungry.

You visited 1 branch of the dungeon, and saw 6 of its levels.

You collected 270 gold pieces.
You spent 231 gold pieces at shops.

Inventory:

Hand Weapons
 a - a +1 war axe
 r - a cursed +3 dire flail (weapon)
Armour
 c - a +0 shield (worn)
 g - a +0 cloak (worn)
 h - a +0 chain mail (worn)
 q - a +1 pair of gloves (worn)
Jewellery
 e - a +2 amulet of reflection (around neck)
 j - a cursed ring of teleportation (left hand)
Scrolls
 n - a scroll of identify
Potions
 b - a potion of magic
 d - 2 potions of might
 i - a potion of resistance
 o - 2 potions of lignification
Comestibles
 f - 4 bread rations
 k - 2 fruits
 l - 2 meat rations
 m - 3 royal jellies


   Skills:
 + Level 5.8 Fighting
 + Level 4.6 Axes
 + Level 5.5 Armour
 + Level 6.4 Shields


You had 7 spell levels left.
You didn't know any spells.

Dungeon Overview and Level Annotations

Branches:
Dungeon (6/15)             Temple (0/1) D:5

Altars:
Hepliaklqana
Nemelex Xobeh
Okawaru
Ru
Sif Muna
Vehumet
Xom
Yredelemnul
Zin

Shops:
D:5 [


Innate Abilities, Weirdness & Mutations

You cannot be hasted, slowed, berserked, paralysed or teleported.
You can dig through walls and to a lower floor.
Your four strong arms can wield two-handed weapons with a shield.
You have a pair of large antennae on your head. (SInv)
You are agile. (Dex +2)
Armour fits poorly on your strangely shaped body.
Your natural rate of healing is unusually fast.


Message History

Okay, then.
You thump the orc priest!
You kill the orc priest!
Okawaru accepts your kill.
Your life force feels restored.
You puncture the orc wizard!
The orc wizard is severely wounded.
You block the orc wizard's attack.
You puncture the orc wizard!
You kill the orc wizard!
Okawaru accepts your kill.
You hit the scorpion but do no damage.
The scorpion is moderately wounded.
The scorpion stings you.
* * * LOW HITPOINT WARNING * * *
You are lethally poisoned!
The scorpion poisons you! You block the scorpion's attack.
You sock the scorpion!
The scorpion is severely wounded.
You die...

#. ## #.#.#
#...# #...#
#...# {
#######
#...###.#.
......#
#......[..
#####.#
###########..#
# #.#
#.......@s...#
# #.#
#.########...#
# #.# #.#
#...# #####.#
#.# ....#
......# #.#
.#...#
#########.#
.#####
..........# #
###########


You could see a scorpion.

Vanquished Creatures
  A sky beast (D:5)
  4 wights (D:6)
  A bullfrog zombie (D:6)
  A centaur zombie (D:5)
  2 orc priests
  A hound (D:5)
  3 orc wizards
  Terence (D:2)
  4 worker ants
  3 gnolls (D:5)
  5 adders
  A shadow imp (D:5)
  An ooze (D:1)
  An adder skeleton (D:5)
  3 worms
  3 dart slugs
  4 leopard geckos
  15 orcs
  5 giant cockroaches
  7 goblins
  5 hobgoblins
  4 jackals (D:5)
  8 kobolds
  2 quokkas (D:2)
  2 ball pythons
  7 bats
  4 frilled lizards
  5 rats
  A plant (D:5)
104 creatures vanquished.

Notes
Turn   | Place    | Note
-------+----------+-------------------------------------------
     0 | D:1      | Faca the Formicid Fighter began the quest for the Orb.
     0 | D:1      | Reached XP level 1. HP: 18/18 MP: 1/1
    45 | D:1      | Reached XP level 2. HP: 22/24 MP: 2/2
   154 | D:1      | Gained mutation: Your natural rate of healing is unusually fast. [potion of mutation]
   154 | D:1      | Gained mutation: Armour fits poorly on your strangely shaped body. [potion of mutation]
   154 | D:1      | Gained mutation: You are agile. (Dex +2) [potion of mutation]
   479 | D:1      | Reached XP level 3. HP: 30/30 MP: 3/3
   881 | D:2      | Found a radiant altar of Vehumet.
   918 | D:2      | Reached XP level 4. HP: 37/37 MP: 4/4
   992 | D:2      | Reached skill level 4 in Shields
  1179 | D:2      | Noticed Terence
  1245 | D:2      | Killed Terence
  1444 | D:3      | Reached XP level 5. HP: 42/42 MP: 5/5
  1905 | D:3      | Found a shimmering altar of Xom.
  2037 | D:3      | Found a hazy altar of Hepliaklqana.
  2071 | D:3      | Found an iron altar of Okawaru.
  2074 | D:3      | Found a glowing silver altar of Zin.
  2074 | D:3      | Found a sparkling altar of Nemelex Xobeh.
  2078 | D:3      | Found a basalt altar of Yredelemnul.
  2091 | D:3      | Became a worshipper of Warmaster Okawaru
  2452 | D:4      | Found a sacrificial altar of Ru.
  2526 | D:4      | Found a deep blue altar of Sif Muna.
  2615 | D:4      | Reached XP level 6. HP: 19/49 MP: 6/6
  2616 | D:4      | Reached skill level 5 in Shields
  2859 | D:5      | Entered Level 5 of the Dungeon
  2918 | D:5      | Found Fiaxau Fong's Antique Armour Emporium.
  2934 | D:5      | Bought a pair of glowing gloves for 231 gold pieces
  3045 | D:5      | Found a staircase to the Ecumenical Temple.
  3129 | D:5      | Reached * piety under Okawaru
  3172 | D:5      | Reached skill level 5 in Fighting
  3172 | D:5      | Reached XP level 7. HP: 56/56 MP: 7/7
  3248 | D:5      | Reached skill level 5 in Armour
  3469 | D:6      | Reached skill level 6 in Shields
  3472 | D:6      | Reached ** piety under Okawaru
  3474 | D:6      | Reached XP level 8. HP: 40/64 MP: 8/8
  3495 | D:6      | HP: 3/64 [orc priest/divine providence (11)]
  3501 | D:6      | HP: 2/64 [scorpion (3)]
  3502 | D:6      | Succumbed to a scorpion's poison

Vault maps used:
D:1:      dpeg_arrival_tiny_d, serial_bayou_pond_a
D:2:      overflow_temple_1_default, uniq_terence
D:3:      nicolae_overflow_hidden_temple, marbit_many_paths, first_bread
D:4:      overflow_temple_1_default, nicolae_ru_awakened_eye
D:5:      serial_shops, shop, kennysheep_boxes

Skill      XL: |  1  2  3  4  5  6  7 |
---------------+----------------------+-----
Shields        | 4 5 6 |  6.4
Fighting       | 4 5 |  5.8
Armour         | 4 5 |  5.5
Axes           | 3 4 |  4.6

Action                   |  1- 3 |  4- 6 |  7- 9 || total
-------------------------+-------+-------+-------++-------
Melee: War axe           |    76 |   180 |    53 ||   309
       Unarmed           |       |    59 |       ||    59
       Dire flail        |       |       |    15 ||    15
 Abil: Dig               |     2 |     2 |       ||     4
  Use: Scroll            |    10 |     2 |       ||    12
       Potion            |     1 |     2 |     1 ||     4
  Eat: Bread ration      |       |     2 |     1 ||     3
Armor: Scale mail        |     8 |       |       ||     8
       Chain mail        |    34 |    81 |    26 ||   141
       Skin              |       |     1 |       ||     1
Dodge: Dodged            |    19 |    98 |    12 ||   129
Block: Shield            |    42 |   129 |    40 ||   211
       Reflection        |       |     4 |       ||     4
